 Dungeon Crawl Stone Soup version 0.30-a0-305-g026cb31310 (webtiles) character file.

Game seed: 4949342458035357709

846 Pooter the Chopper (level 7, 0/91 HPs)
             Began as a Minotaur Berserker on Oct 22, 2022.
             Was a Believer of Trog.
             Succumbed to a water moccasin's poison
             ... on level 5 of the Dungeon.
             The game lasted 00:14:58 (3478 turns).

Pooter the Chopper (Minotaur Berserker)             Turns: 3478, Time: 00:14:59

Health: 0/91       AC: 23    Str: 24    XL:     7   Next: 68%
Magic:  6/6        EV:  2    Int:  4    God:    Trog [**....]
Gold:   324        SH:  0    Dex:  9    Spells: 6/6 levels left

rFire   . . .      SeeInvis +    a - +1 trident (flame)
rCold   . . .      Faith    .    (no shield)
rNeg    . . .      Spirit   .    (body armour currently unavailable)
rPois   +          Reflect  .    (helmet currently unavailable)
rElec   .          Harm     .    (cloak currently unavailable)
rCorr   .          Rampage  .    (gloves currently unavailable)
Will    .....      NoTele   +    (boots currently unavailable)
Stlth   ++........               (no amulet)
HPRegen 0.35/turn                S - ring of see invisible
MPRegen 0.10/turn                (no ring)

@: mighty, brilliant, lethally poisoned (0 -> -4), tree-form, on berserk
cooldown, hasted and slowed
A: stationary, stasis, torment immunity, boosted hp, (horns 2), (retaliatory
headbutt)
a: Renounce Religion, Berserk, Trog's Hand


You were on level 5 of the Dungeon.
You worshipped Trog.
Trog was pleased with you.
You were a tree.
You visited 1 branch of the dungeon, and saw 5 of its levels.

You collected 324 gold pieces.

Inventory:

Hand Weapons
 a - a +1 trident of flaming (weapon)
   (You took it off a gnoll sergeant on level 5 of the Dungeon)
 c - a +0 flail
   (You found it on level 1 of the Dungeon)
 s - a +0 hand axe
Missiles
 m - 5 poisoned darts (quivered)
 Q - 65 stones
Armour
 b - a +2 plate armour (melded)
   (You found it on level 4 of the Dungeon)
 j - a +2 pair of gloves (melded)
   (You found it on level 4 of the Dungeon)
Jewellery
 S - a ring of see invisible (left branch)
   (You found it on level 1 of the Dungeon)
Wands
 l - a wand of light (7)
   (You found it on level 3 of the Dungeon)
 D - a wand of digging (4)
   (You found it on level 3 of the Dungeon)
Scrolls
 e - 2 scrolls of fear
 g - a scroll of vulnerability {unknown}
 i - a scroll of amnesia {unknown}
 n - a scroll of immolation {!r}
 o - a scroll of noise {!r}
 r - a scroll of magic mapping {unknown}
 t - a scroll of teleportation {@r4}
Potions
 d - a potion of invisibility {unknown}
 k - a potion of curing {unknown}


   Skills:
 + Level 5.5 Fighting
 * Level 7.1(7.5) Axes
 + Level 3.9(6.0) Maces & Flails
 + Level 3.5 Armour
 - Level 2.1 Dodging
 + Level 2.9 Stealth
 + Level 2.2 Evocations


You had 6 spell levels left.
You didn't know any spells.
Your spell library was empty.

Dungeon Overview and Level Annotations

Branches:
Dungeon (5/15)             Temple (0/1) D:5

Altars:
Okawaru
Sif Muna
Trog
Uskayaw

Shops:
D:5 :

Annotations:
D:3 1 exclusion


Innate Abilities, Weirdness & Mutations

You are a tree.
Your roots penetrate the ground, keeping you stationary.
You cannot be teleported.
You are immune to unholy pain and torment.
Your maximum health is greatly increased.
Your equipment is partially melded.
((You have a pair of horns on your head.))
((You reflexively headbutt those who attack you in melee.))


Message History

* * * LOW HITPOINT WARNING * * *
You are more poisoned.
The water moccasin poisons you!
You hit the water moccasin. You burn the water moccasin.
Your headbutt misses the water moccasin.
* * * LOW HITPOINT WARNING * * *
You feel very sick. The water moccasin closely misses you.
You barely miss the water moccasin.
* * * LOW HITPOINT WARNING * * *
You feel very sick.
The water moccasin bites you but does no damage.
You puncture the water moccasin! You burn the water moccasin.
You kill the water moccasin!
Trog accepts your kill.
* * * LOW HITPOINT WARNING * * *
You feel very sick.
Your Axes skill increases to level 7!
You start resting.
* * * LOW HITPOINT WARNING * * *
You feel very sick.
You start resting.
You feel a strong urge to attack something.
* * * LOW HITPOINT WARNING * * *
You feel very sick.
You start resting.
You are no longer berserk.
You are exhausted.
You feel yourself slow down.
* * * LOW HITPOINT WARNING * * *
You feel very sick.
There is a lethal amount of poison in your body!
Unknown command.
There is a lethal amount of poison in your body!
It was a potion of brilliance.
You feel clever all of a sudden.
* * * LOW HITPOINT WARNING * * *
You feel very sick.
It was a potion of lignification.
You turn into a tree.
Your +2 pair of gloves melds into your body.
Your +2 plate armour melds into your body.
Your roots penetrate the ground.
* * * LOW HITPOINT WARNING * * *
You feel very sick.
It was a potion of might.
You feel very mighty all of a sudden.
* * * LOW HITPOINT WARNING * * *
You feel sick.
It was a potion of haste.
You feel yourself speed up.
You die...

##### .. ##.#.. . .
#..... . .# .. .....#.
... ... ## #....# #...
... ...##....##.....
... .###..........#...#
.# #..##........♣...#
.###......##...#..##..#
......##.# ####..##
..........####..##
........#.......##
....#.....#...>..#
....###....#........#
....# ##...##.##..#.#
....####....### #.#.#


There were no monsters in sight!

Vanquished Creatures
  2 water moccasins
  A sky beast (D:5)
  An ogre (D:4)
  2 gnoll sergeants (D:5)
  2 hounds (D:5)
  A jelly (D:5)
  3 iguanas (D:5)
  An orc wizard (D:4)
  4 adders
  4 gnolls
  An ufetubus (D:5)
  A worm (D:2)
  3 dart slugs
  5 orcs
  4 ball pythons
  A bat (D:1)
  5 endoplasms
  A giant cockroach (D:2)
  2 goblins
  8 hobgoblins
  3 quokkas
  A frilled lizard (D:3)
  5 kobolds
  6 rats
67 creatures vanquished.

Notes
Turn   | Place    | Note
-------+----------+-------------------------------------------
     0 | D:1      | Pooter the Minotaur Berserker began the quest for the Orb.
     0 | D:1      | Reached XP level 1. HP: 19/19 MP: 0/0
   271 | D:1      | Reached XP level 2. HP: 27/27 MP: 1/1
   375 | D:1      | Reached skill level 4 in Axes
   679 | D:2      | Reached skill level 1 in Maces & Flails
   793 | D:2      | Reached ** piety under Trog
  1210 | D:3      | Found a hide-covered altar of Uskayaw.
  1239 | D:3      | Noticed a water moccasin
  1247 | D:3      | Killed a water moccasin
  1248 | D:3      | Reached skill level 5 in Axes
  1248 | D:3      | Reached skill level 1 in Stealth
  1248 | D:3      | Reached XP level 3. HP: 33/34 MP: 2/2
  1248 | D:3      | Reached XP level 4. HP: 40/41 MP: 3/3
  1340 | D:3      | Reached XP level 5. HP: 35/47 MP: 4/4
  1589 | D:3      | Found a shimmering blue altar of Sif Muna.
  1825 | D:3      | Found an iron altar of Okawaru.
  1825 | D:3      | Found a bloodstained altar of Trog.
  2106 | D:4      | Noticed an ogre
  2112 | D:4      | Killed an ogre
  2281 | D:4      | Reached XP level 6. HP: 55/55 MP: 5/5
  2402 | D:4      | Reached skill level 1 in Evocations
  2725 | D:5      | Entered Level 5 of the Dungeon
  2790 | D:5      | Reached skill level 6 in Axes
  2890 | D:5      | Reached skill level 5 in Fighting
  2980 | D:5      | Reached XP level 7. HP: 53/61 MP: 6/6
  3124 | D:5      | Found Geqah's Book Shoppe.
  3448 | D:5      | Found a staircase to the Ecumenical Temple.
  3472 | D:5      | Reached skill level 7 in Axes
  3475 | D:5      | HP: 3/61 [poisoned by a water moccasin]
  3477 | D:5      | HP: 1/91 [poisoned by a water moccasin]
  3478 | D:5      | Succumbed to a water moccasin's poison

Illustrated notes

Levels and vault maps discovered:
D:1:      psy_arrival_statuary, layout_loops_ring
D:2:      layout_rooms, minmay_strange_pillars
D:3:      layout_rooms, grunt_temple_overflow_bloody_war, led_sif_book,
          nicolae_uskayaw_murder_on_the_dancefloor, serial_curves,
          eino_curves_01, eino_curves_03, eino_curves_02,
          minmay_misc_feat_enclosed, roderic_nine_men_s_morris
D:4:      layout_basic, minivault_14
D:5:      layout_cave_pools, minmay_temple_entry_wispy, serial_gnoll_camp,
          gnoll_camp_mini_shop, gnoll_camp_mini_loothouse, gnoll_camp_mini_hut,
          gnoll_camp_mini_hut, gnoll_camp_huts_basic, serial_park_tiny_1,
          uniq_edmund

Skill      XL: |  1  2  3  4  5  6  7 |
---------------+----------------------+-----
Axes           | 5 6 7 |  7.1
Maces & Flails | 2 3 |  3.9
Fighting       | 4 5 |  5.5
Stealth        | 1 2 |  2.9
Evocations     | 1 2 |  2.2
Armour         | 3 |  3.5
Dodging        | |  2.1

Action                   |  1- 3 |  4- 6 |  7- 9 || total
-------------------------+-------+-------+-------++-------
Melee: Flail             |    38 |    62 |       ||   100
       Headbutt          |     6 |    12 |     6 ||    24
       Hand axe          |       |    10 |       ||    10
       Trident           |       |     8 |    48 ||    56
Throw: Stone             |     9 |       |       ||     9
       Dart              |       |    11 |     2 ||    13
Invok: Berserk           |     1 |     3 |     1 ||     5
       Trog's Hand       |     1 |       |       ||     1
Evoke: Wand              |       |     1 |       ||     1
  Use: Scroll            |     2 |     5 |     1 ||     8
       Potion            |       |       |     4 ||     4
Armor: Animal skin       |     5 |       |       ||     5
       Ring mail         |     5 |    21 |       ||    26
       Plate armour      |       |    19 |    23 ||    42
Dodge: Dodged            |    20 |    37 |    15 ||    72

Table legend: (Time is in decaauts)
 A = Elapsed time spent in this place.
 B = Non-inter-level travel time spent in this place.
 C = Inter-level travel time spent in this place.
 D = Time resting spent in this place.
 E = Time spent auto-exploring this place.
 F = Levels seen in this place.
 G = Mean time per level.
                   A        B        C        D        E       F      G
               +--------+--------+--------+--------+--------+-----+--------+
         Total |   3540 |   3493 |     47 |    227 |   2616 |   5 |  708.0 |
       Dungeon |   3540 |   3493 |     47 |    227 |   2616 |   5 |  708.0 |
               +--------+--------+--------+--------+--------+-----+--------+

Top non-repeatable levels by time:
     D:3: 788 daAuts
     D:5: 778 daAuts
     D:4: 755 daAuts
     D:1: 641 daAuts
     D:2: 577 daAuts
